Map: Dusk Towers

Players

MythiC - Winner!

  • Race: Terran Terran
  • League: Grandmaster

TTD

  • Race: Terran Terran
  • League: Grandmaster

VOD

Have the link to the VOD?

Description

Time

  • Played on: Feb. 18, 2016, 8:49 p.m.
  • Length: 9:11
Show
View Real Time Build Order
Export as new Build Order

MythiC Terran - Winner!

Build Orders: MMM Bio 

Get SALT Encoding   

  12  0:01  SCV  
  13  0:13  SCV  
  14  0:18  Supply Depot  
  14  0:25  SCV  
  15  0:39  SCV  
  15  0:41  Barracks  
  16  0:44  Refinery  
  16  0:52  SCV  
  17  0:59  Barracks  
  17  1:04  SCV  
  18  1:16  SCV  
  19  1:28  Orbital Command  
  19  1:29  Reaper  
  20  1:34  Supply Depot  
  20  1:47  Reaper  
  21  1:55  SCV  
  22  2:06  Reaper  
  23  2:09  Command Center  
  23  2:13  SCV  
  24  2:21  Refinery  
  24  2:22  Barracks Tech Lab  
  24  2:25  SCV  
  24  2:29  Supply Depot  
  25  2:37  SCV  
  26  2:46  Marine  
  26  2:49  SCV  
  28  2:51  Barracks Reactor  
  28  3:02  SCV  
  28  3:04  Factory  
  29  3:09  Marine  
  30  3:14  SCV  
  30  3:25  Stimpack  
  30  3:26  Orbital Command, SCV  
  29  3:27  Marine  
  29  3:30  Marine x2  
  32  3:38  SCV  
  33  3:45  Marine  
  33  3:48  Marine x2  
  36  3:49  Starport  
  36  3:50  SCV  
  36  3:52  SCV  
  38  3:56  Factory Reactor  
  38  4:02  Supply Depot, SCV  
  39  4:03  Marine  
  39  4:04  SCV  
  39  4:05  Marine x2  
  43  4:11  Refinery  
  43  4:14  SCV  
  43  4:16  SCV  
  45  4:20  Marine  
  45  4:21  Engineering Bay  
  45  4:23  Marine x2  
  48  4:26  SCV  
  48  4:29  SCV  
  50  4:33  Supply Depot  
  50  4:38  SCV, Marine  
  50  4:39  Medivac x2  
  50  4:41  Factory Tech Lab  
  50  4:43  SCV  
  57  4:47  Missile Turret  
  57  4:51  Missile Turret, SCV  
  58  4:53  Marine  
  58  4:54  Marine  
  60  5:03  SCV  
  60  5:07  Supply Depot, Siege Tank  
  61  5:08  Marine  
  61  5:09  SCV  
  61  5:13  Marine  
  67  5:15  SCV  
  67  5:20  Viking  
  70  5:28  SCV, Marine x2, Viking  
  73  5:29  Supply Depot  
  73  5:30  SCV  
  76  5:45  Supply Depot, SCV  
  76  5:46  SCV  
  76  5:47  Command Center  
  78  5:50  Marine x2  
  78  5:51  Marine  
  81  6:00  Siege Tank  
  80  6:08  Marine x2  
  80  6:09  Marine  
  80  6:18  Medivac x2  
  74  6:25  Combat Shields, Barracks  
  71  6:26  Marine x2  
  71  6:27  Barracks  
  71  6:29  Barracks  
  71  6:31  Refinery  
  71  6:32  Marine  
  74  6:33  Supply Depot  
  74  6:42  Siege Tank  
  74  6:43  Marine x2  
  74  6:44  SCV  
  80  6:50  Terran Infantry Weapons Level 1, Marine  
  81  6:55  Medivac  
  81  6:56  Medivac  
  81  6:59  Supply Depot  
  85  7:01  Marine x2  
  85  7:03  Orbital Command  
  85  7:06  SCV x2  
  89  7:10  Marine  
  89  7:14  Supply Depot, Barracks Reactor x2  
  90  7:16  Barracks Reactor  
  90  7:19  Marine x2  
  92  7:23  SCV x2  
  92  7:28  Supply Depot, Marine  
  95  7:32  Medivac  
  95  7:33  Siege Tank  
  95  7:34  Orbital Command  
  98  7:37  Marine  
  98  7:38  SCV x2  
  101  7:48  Marine x2  
  101  7:50  SCV x2  
  104  8:00  SCV  
  104  8:01  Marine x7  
  104  8:02  SCV x2  
  114  8:06  Marine  
  114  8:12  Supply Depot, Refinery, SCV  
  115  8:14  SCV, Marine  
  115  8:17  SCV  
  115  8:18  Marine x2  
  121  8:21  Siege Tank  
  121  8:25  SCV  
  121  8:26  Marine x2  
  121  8:27  Marine x4  
  127  8:29  SCV  
  127  8:32  Marine  
  131  8:36  Marine x2  
  131  8:37  Medivac x2  
  137  8:42  SCV x2  
  137  8:44  Marine x2  
  137  8:46  Marine  
  137  8:47  Marine x3  
  145  8:50  Marine  
  136  9:08  Command Center  
  137  9:09  Refinery  
  137  9:10  Factory  
Show
View Real Time Build Order
Export as new Build Order

TTD Terran 

Build Orders: Reaper Expand, MMM Bio 

Get SALT Encoding   

  12  0:01  SCV  
  13  0:13  SCV  
  14  0:20  Supply Depot  
  14  0:25  SCV  
  15  0:42  SCV  
  16  0:44  Barracks  
  16  0:46  Refinery  
  16  0:54  SCV  
  17  1:06  SCV  
  18  1:18  SCV  
  19  1:31  Orbital Command  
  19  1:33  Reaper  
  20  1:45  Command Center  
  20  1:56  Supply Depot  
  20  1:57  SCV  
  21  2:06  Marine  
  22  2:10  Factory  
  22  2:13  SCV  
  22  2:23  Bunker, Marine  
  22  2:25  SCV  
  24  2:37  SCV  
  24  2:43  Marine  
  26  2:49  SCV  
  26  2:51  Refinery  
  27  2:55  Hellion, Starport  
  29  3:01  Marine  
  29  3:02  SCV  
  31  3:07  Orbital Command  
  31  3:14  SCV  
  32  3:26  Factory Tech Lab, SCV  
  31  3:29  Barracks Reactor  
  31  3:36  SCV  
  31  3:39  SCV  
  31  3:40  Command Center  
  33  3:46  Starport Tech Lab  
  33  3:48  SCV  
  34  3:50  Siege Tank  
  34  3:52  SCV  
  38  3:57  Supply Depot  
  38  4:00  SCV  
  39  4:04  SCV  
  39  4:08  Marine x2  
  42  4:10  Barracks  
  42  4:14  Starport Reactor  
  42  4:19  SCV  
  42  4:21  SCV  
  44  4:24  Barracks  
  44  4:26  Siege Tank  
  44  4:28  Marine  
  44  4:29  Marine  
  49  4:31  SCV  
  49  4:35  SCV  
  49  4:38  Supply Depot  
  51  4:43  SCV  
  51  4:45  Engineering Bay  
  52  4:47  SCV, Marine  
  52  4:52  Orbital Command  
  54  4:56  SCV  
  54  4:59  Stimpack  
  55  5:02  SCV  
  55  5:04  Marine x2  
  55  5:06  Starport Reactor  
  58  5:08  Refinery  
  58  5:10  SCV  
  58  5:13  Refinery  
  59  5:14  Marine  
  59  5:17  SCV  
  59  5:20  Siege Tank, Marine x2  
  66  5:22  Marine  
  66  5:25  SCV  
  68  5:34  SCV x2  
  68  5:35  Supply Depot  
  70  5:37  Supply Depot  
  70  5:40  Missile Turret, Marine  
  70  5:42  Missile Turret  
  71  5:44  Marine x2  
  73  5:54  Barracks  
  73  5:55  Barracks  
  73  5:57  Medivac  
  58  6:16  SCV x3  
  51  6:19  Marine x5  
  56  6:28  SCV x3  
  56  6:31  Siege Tank  
  62  6:38  Medivac x2  
  62  6:39  Marine x2  
  67  6:42  SCV x2  
  67  6:45  Barracks Reactor  
  70  6:49  Barracks Reactor, Marine  
  70  6:50  Marine  
  70  6:52  SCV  
  70  6:53  Marine  
  74  7:00  Terran Infantry Weapons Level 1  
  74  7:03  SCV  
  74  7:04  Supply Depot, SCV  
  74  7:06  Marine  
  74  7:08  Medivac  
  79  7:09  SCV  
  79  7:11  Medivac  
  79  7:14  Marine x2  
  84  7:18  SCV  
  84  7:19  Combat Shields, SCV  
  84  7:21  Marine  
  87  7:23  Orbital Command  
  87  7:30  Marine x2  
  87  7:33  Marine  
  87  7:34  Marine x2  
  87  7:36  Sensor Tower  
  92  7:38  Siege Tank  
  92  7:42  Marine  
  92  7:43  Marine  
  97  7:45  Marine x2  
  97  7:48  Marine x2  
  99  7:56  Marine x2  
  101  8:02  Marine x2  
  101  8:03  SCV x2  
  101  8:04  Supply Depot  
  105  8:06  SCV  
  105  8:10  Siege Tank  
  109  8:13  Medivac  
  109  8:15  SCV x2  
  109  8:18  Supply Depot, SCV  
  114  8:27  Sensor Tower, SCV x2  
  114  8:30  SCV  
  114  8:32  Marine x3  
  114  8:33  Marine  
  121  8:39  SCV x2  
  123  8:42  Supply Depot  
  123  8:43  Supply Depot, SCV  
Tags
 
Add a new tag
Caveats
  • Supply blocks, unpowered buildings, or Contaminate may cause inaccurate times.
  • Supply counts are checked every 10 seconds.